AoeStats
← AoEBoB11

Arena

509731233Analyzed
1v1 RM · 3d ago on Sep 27, 2026· 45m 2s· 2 players
Game mode
Random Map
Map size
Tiny (2 player)
Population
200
Speed
Normal
Resources
Standard
Victory
Conquest
Starting age
Dark Age
Ending age
Imperial Age
RankedLock teamsTeams togetherTeam positionsShared explorationLock speedFull tech treeHidden civsTurbo modeCheats
Victory
Defeat
🇬🇧 Saxons · United Kingdom
894
+15
🇦🇷 Vietnamese · Argentina
880
-15
agusvr3051n
7:58 Loom
9:45 Feudal Age
10:47 Gold Mining
12:45 Double-Bit Axe
12:41 Horse Collar
17:33 Castle Age
16:14 Stone Mining
19:16 Stone Shaft Mining
19:22 Wheelbarrow
18:33 Loom
19:18 Bow Saw
19:10 Heavy Plow
25:32 Fletching
25:42 Padded Archer Armor
27:32 Hand Cart
27:42 Leather Archer Armor
27:56 Town Watch
29:02 Bodkin Arrow
32:07 Imperial Age
31:02 Ballistics
31:36 Herbal Medicine
33:21 Guilds
32:54 Elite Rattan Archer
33:56 Paper Money
35:21 Chemistry
35:02 Ring Archer Armor
40:23 Elite Battle Elephant
41:10 Scale Barding Armor
41:16 Forging
41:06 Bracer
42:51 Thumb Ring
42:07 Crossbowman
45:11 Iron Casting
44:56 Chain Barding Armor
AoEBoB11
12:23 Feudal Age
13:25 Double-Bit Axe
16:20 Castle Age
14:20 Horse Collar
15:55 Wheelbarrow
17:33 Bow Saw
17:30 Heavy Plow
18:31 Hand Cart
23:39 Loom
29:45 Imperial Age
29:45 Forging
29:26 Fletching
29:37 Scale Mail Armor
30:14 Elite Hearth Troop
31:20 Bodkin Arrow
32:01 Iron Casting
32:26 Conscription
32:22 Padded Archer Armor
33:04 Bracer
33:21 Chain Mail Armor
33:29 Ballistics
34:10 Chemistry
34:44 Leather Archer Armor
35:15 Hoardings
35:36 Shield Wall
38:17 Elite Varangian Guard
40:27 Plate Mail Armor
40:21 Gambesons
40:36 Squires
41:26 Arson
Connection lost

Rejoining the realm…

Still unreachable

The connection could not be restored.

Session expired

The server has moved on; the page needs a fresh start.